 Dungeon Crawl Stone Soup version 0.30.1-3-gfc49f6343a (webtiles) character file.

Game seed: 6495740003454332623

4082 PhantomBowie the Trooper (level 10, -1/96 HPs)
             Began as a Gargoyle Berserker on Aug 7, 2023.
             Was a High Priest of Trog.
             Slain by a boulder beetle (7 damage)
             ... on level 9 of the Dungeon.
             The game lasted 00:21:39 (7961 turns).

PhantomBowie the Trooper (Gargoyle Berserker)       Turns: 7961, Time: 00:21:40

Health: -1/96      AC: 34    Str: 26    XL:     10   Next: 25%
Magic:  10/10      EV:  9    Int:  7    God:    Trog [*****.]
Gold:   477        SH:  5    Dex: 15    Spells: 9/9 levels left

rFire   . . .        I - +2 flail (protect)
rCold   . . .        c - +0 buckler
rNeg    + . .        J - +0 plate armour
rPois   ∞            p - +2 helmet
rElec   +            o - +1 cloak
rCorr   .            n - +0 pair of gloves
SInv    .            (no boots)
Will    .....        (no amulet) Stlth
                     h - ring of flight
HPRegen 0.36/turn    k - +6 ring of dexterity
MPRegen 0.12/turn

%: no passive effects
@: berserking, under a protective aura, flying, very quick
A: sickness immunity, AC +7, negative energy resistance 1, electricity
resistance, torment resistance 1, petrification resistance
a: Renounce Religion, Berserk, Trog's Hand, Brothers in Arms


You were on level 9 of the Dungeon.
You worshipped Trog.
Trog was extremely pleased with you.
You visited 2 branches of the dungeon, and saw 10 of its levels.
You also visited: Sewer.

You collected 477 gold pieces.

Inventory:

Hand Weapons
 F - a +2 whip of electrocution
 I - a +2 flail of protection (weapon)
Missiles
 j - 21 poisoned darts (quivered)
 s - a throwing net
 B - 8 curare-tipped darts
 G - 4 atropa-tipped darts
Armour
 c - a +0 buckler (worn)
 n - a +0 pair of gloves (worn)
 o - a +1 cloak (worn)
 p - a +2 helmet (worn)
 J - a +0 plate armour (worn)
Jewellery
 h - a ring of flight (left hand)
 k - a +6 ring of dexterity (right hand)
Wands
 t - a wand of roots (4)
 v - a wand of charming (2)
 y - a wand of flame (43)
 A - a wand of acid (4)
Scrolls
 a - 2 scrolls of magic mapping
 b - 2 scrolls of fog
 d - a scroll of immolation
 f - 2 scrolls of noise
 l - a scroll of brand weapon {unknown}
 q - a scroll of teleportation
 z - a scroll of torment {unknown}
 C - a scroll of blinking
 E - a scroll of vulnerability
Potions
 e - a potion of lignification
 g - 4 potions of mutation
 i - 2 potions of curing
 m - a potion of attraction
 r - 3 potions of heal wounds
 u - 2 potions of invisibility
 w - a potion of magic {unknown}
 x - 5 potions of degeneration
 D - a potion of haste {unknown}
 H - 4 potions of might


   Skills:
 + Level 7.9 Fighting
 + Level 7.3 Maces & Flails
 + Level 7.6 Armour
 + Level 5.6 Dodging
 + Level 5.7 Shields
 + Level 2.1 Evocations


You had 9 spell levels left.
You didn't know any spells.
Your spell library was empty.

Dungeon Overview and Level Annotations

Branches:
Dungeon (9/15)             Temple (1/1) D:6           Sewer (visited)
   Lair: D:8-11         Orc: D:9-12

Altars:
Ashenzari
Cheibriados
Dithmenos
Elyvilon
Fedhas
Gozag
Hepliaklqana
Kikubaaqudgha
Makhleb
Nemelex Xobeh
Okawaru
Qazlal
Ru
Sif Muna
Trog
Uskayaw
Vehumet
Wu Jian
Xom
Yredelemnul
Zin
The Shining One


Innate Abilities, Weirdness & Mutations

You are immune to sickness and miasma.
Your stone body is resilient. (AC +7)
You are immune to poison.
You resist negative energy. (rN+)
You are resistant to electric shocks. (rElec)
You are resistant to unholy torment.
You are immune to petrification.


Message History

The boulder beetle bites you.
You hit the boulder beetle but do no damage.
The boulder beetle is severely wounded.
The boulder beetle leaps!
You hit the boulder beetle but do no damage.
The boulder beetle is heavily wounded.
The boulder beetle bites you!
You hit the boulder beetle.
The boulder beetle is severely wounded.
The boulder beetle bites you but does no damage.
You hit the boulder beetle but do no damage.
The boulder beetle is severely wounded.
You block the boulder beetle's attack.
You hit the boulder beetle but do no damage.
The boulder beetle is severely wounded.
The boulder beetle bites you!
* * * LOW HITPOINT WARNING * * *
You hit the boulder beetle but do no damage.
The boulder beetle is severely wounded.
The boulder beetle bites you but does no damage.
You hit the boulder beetle.
The boulder beetle is severely wounded.
The boulder beetle completely misses you.
The boulder beetle bites you!
* * * LOW HITPOINT WARNING * * *
You hit the boulder beetle but do no damage.
The boulder beetle is heavily wounded.
The boulder beetle bites you but does no damage.
A red film seems to cover your vision as you go berserk!
You feel yourself moving faster!
You feel mighty!
The boulder beetle bites you but does no damage.
You completely miss the boulder beetle.
The boulder beetle is heavily wounded.
You thump the boulder beetle!
The boulder beetle is severely wounded.
The boulder beetle bites you but does no damage.
You sock the boulder beetle!
The boulder beetle is almost dead.
The boulder beetle bites you!
You die...

.....#####......##
###..# #..###.# #
#..# #..# #.# #
#..# #..# #.# #
#..#
#..###.######### #
####
###...............
.
#................$
.#
#.................
.#
#........@........
.#
#........B........
##
#.................
#.................
#........[........
#....####........
... #........ ..
#....####


You could see a boulder beetle.

Vanquished Creatures
  A troll (D:6)
  A hornet (D:6)
  Grinder (D:3)
  A steam dragon (D:8)
  Grum (D:8)
  3 water moccasins
  2 black bears
  An orc warrior (D:8)
  An ice beast (D:6)
  An ogre (D:7)
  3 sky beasts
  2 wolves (D:8)
  A centaur (D:8)
  2 phantoms
  3 kobold brigands (Sewer)
  5 bullfrogs
  3 scorpions
  2 howler monkeys
  An electric eel (D:6)
  2 hounds (D:3)
  A gnoll bouda (D:7)
  A jelly (D:8)
  4 orc priests
  Jessica (D:3)
  Ijyb (D:3)
  10 orc wizards
  4 iguanas (D:5)
  Robin (D:3)
  7 gnolls
  6 adders
  A river rat (Sewer)
  2 shadow imps (D:6)
  A white imp (D:6)
  3 ufetubi
  5 worms
  6 dart slugs
  43 orcs
  6 endoplasms
  8 giant cockroaches
  13 goblins
  8 hobgoblins
  7 jackals
  5 quokkas
  12 ball pythons
  2 bats
  3 frilled lizards
  11 kobolds
  11 rats
220 creatures vanquished.

Vanquished Creatures (others)
  An adder (D:6)
1 creature vanquished.

Grand Total: 221 creatures vanquished

Notes
Turn   | Place    | Note
-------+----------+-------------------------------------------
     0 | D:1      | PhantomBowie the Gargoyle Berserker began the quest for the
                  | Orb.
     0 | D:1      | Reached XP level 1. HP: 14/14 MP: 1/1
   101 | D:1      | Reached XP level 2. HP: 12/19 MP: 2/2
   524 | D:1      | Reached XP level 3. HP: 14/23 MP: 3/3
  1509 | D:3      | Noticed Robin
  1516 | D:3      | Reached ** piety under Trog
  1528 | D:3      | Noticed a bullfrog
  1532 | D:3      | Killed Robin
  1533 | D:3      | Reached XP level 4. HP: 25/29 MP: 4/4
  1541 | D:3      | Killed a bullfrog
  1542 | D:3      | Reached XP level 5. HP: 25/33 MP: 5/5
  1863 | D:3      | Noticed Grinder
  1866 | D:3      | Noticed Ijyb
  1878 | D:3      | Reached XP level 6. HP: 32/39 MP: 6/6
  1881 | D:3      | Paralysed by Grinder for 4 turns
  1888 | D:3      | Killed Ijyb
  1903 | D:3      | Killed Grinder
  1904 | D:3      | Reached skill level 5 in Fighting
  1904 | D:3      | Reached XP level 7. HP: 26/44 MP: 7/7
  1986 | D:3      | Noticed Jessica
  2023 | D:3      | Killed Jessica
  2766 | D:4      | Found a snail-covered altar of Cheibriados.
  3030 | D:4      | Reached *** piety under Trog
  3043 | D:4      | Reached skill level 1 in Shields
  3199 | D:4      | Found a broken altar of Ashenzari.
  3257 | D:5      | Entered Level 5 of the Dungeon
  3266 | D:5      | Reached skill level 5 in Armour
  3321 | D:5      | Reached skill level 5 in Maces & Flails
  3363 | D:5      | Found a glowing drain.
  3460 | D:5      | Reached XP level 8. HP: 49/50 MP: 8/8
  3518 | Sewer    | Entered a sewer
  4250 | D:5      | Found the +5 Force Lance {heavy, knockback}
  4434 | D:5      | Reached **** piety under Trog
  4903 | D:6      | Found a staircase to the Ecumenical Temple.
  4912 | Temple   | Entered the Ecumenical Temple
  5513 | D:6      | Reached XP level 9. HP: 56/56 MP: 9/9
  5985 | D:7      | Noticed a troll
  6025 | D:6      | Killed a troll
  6184 | D:7      | Reached skill level 5 in Dodging
  6402 | D:7      | Noticed a hornet
  6427 | D:6      | Killed a hornet
  6730 | D:7      | Reached skill level 5 in Shields
  6752 | D:7      | Reached skill level 1 in Evocations
  7191 | D:8      | Reached XP level 10. HP: 59/64 MP: 10/10
  7223 | D:8      | Reached ***** piety under Trog
  7373 | D:8      | Noticed Grum
  7394 | D:8      | Killed Grum
  7914 | D:9      | Noticed a boulder beetle
  7956 | D:9      | HP: 3/64 [boulder beetle (12)]
  7961 | D:9      | Slain by a boulder beetle

Illustrated notes

Levels and vault maps discovered:
D:1:      saegor_arrival_miasma, layout_basic, amcnicky_mini_pool_small
D:2:      layout_basic, kennysheep_boxes
D:3:      layout_loops_cross, cheibrodos_gnoll_hut, uniq_robin, uniq_grinder,
          uniq_ijyb, uniq_jessica
D:4:      layout_rooms, mainiacjoe_overflow_concentric_impassable,
          kennysheep_mini_moat, serial_aquarium, aquarium_bridge_square
          [aquarium_subvault_window, aquarium_subvault_wall,
          aquarium_subvault_window, aquarium_subvault_bridge],
          aquarium_bridge_long_joined [aquarium_subvault_wall,
          aquarium_subvault_balcony, aquarium_subvault_bridge,
          aquarium_subvault_bridge, aquarium_subvault_window,
          aquarium_subvault_wall], aquarium_window_2, aquarium_window_fake,
          aquarium_view_2f, aquarium_view_2d, aquarium_balcony_1b, minivault_1,
          grunt_ministairs_7, st_stairs_1
D:5:      layout_basic, cheibrodos_sewer_entry_sluice
D:6:      layout_basic, minmay_temple_entry_proselytizer,
          kennysheep_cross_bottleneck
D:7:      layout_cave_pools
D:8:      layout_loops_cross, serial_aquarium, aquarium_bridge_straight
          [aquarium_subvault_bridge, aquarium_subvault_wall,
          aquarium_subvault_bridge, aquarium_subvault_wall],
          aquarium_bridge_square [aquarium_subvault_balcony,
          aquarium_subvault_wall, aquarium_subvault_bridge,
          aquarium_subvault_balcony], aquarium_window_fake, aquarium_window_1,
          aquarium_view_4, aquarium_pool_1, minmay_gold_behind_fungi, uniq_grum
D:9:      layout_small_grid, serial_rivers, chequers_serial_rivers_micro_b,
          chequers_serial_rivers_small_3, chequers_serial_rivers_micro_a,
          chequers_serial_rivers_large_a, chequers_serial_rivers_large_b,
          chequers_serial_rivers_small_a, st_stairs_3, uniq_maggie
Temple:   mainiacjoe_temple_cubbyholes

Skill      XL: |  1  2  3  4  5  6  7  8  9 10 |
---------------+-------------------------------+-----
Dodging        | 2 3 4 5 |  5.6
Armour         | 3 4 5 6 7 |  7.6
Fighting       | 4 5 6 7 |  7.9
Maces & Flails | 4 5 6 7 |  7.3
Shields        | 1 3 5 |  5.7
Evocations     | 1 2 |  2.1

Action                     |  1- 3 |  4- 6 |  7- 9 | 10-12 || total
---------------------------+-------+-------+-------+-------++-------
  Melee: Mace              |   104 |    59 |   120 |       ||   283
         Flail             |       |       |   299 |    92 ||   391
         Whip              |       |       |   170 |       ||   170
 Invoke: Berserk           |     1 |     2 |       |     1 ||     4
    Use: Scroll            |       |       |    13 |     3 ||    16
 Armour: Animal skin       |    11 |       |       |       ||    11
         Chain mail        |    38 |    45 |   347 |    16 ||   446
         Plate armour      |       |       |       |    31 ||    31
  Dodge: Dodged            |    58 |    18 |   274 |    24 ||   374
  Block: Buckler           |    12 |     4 |   109 |    11 ||   136
